 Dungeon Crawl Stone Soup version 0.30-a0-779-g7971cf19c3 (webtiles) character file.

Game seed: 9477176328455465180

3 Octodad the Insei (level 1, 0/13 HPs)
             Began as an Octopode Transmuter on Feb 18, 2023.
             Frozen to death by an endoplasm (5 damage)
             ... on level 1 of the Dungeon.
             The game lasted 00:01:05 (110 turns).

Octodad the Insei (Octopode Transmuter)              Turns: 110, Time: 00:01:06

Health: 0/13       AC:  1    Str:  9    XL:     1   Next: 50%
Magic:  2/3        EV: 18    Int: 15    God:
Gold:   9          SH:  0    Dex: 12    Spells: 3/4 levels left

rFire   . . .      SeeInvis .      - Unarmed
rCold   . . .      Faith    .    (no shield)
rNeg    . . .      Spirit   .    (helmet currently unavailable)
rPois   .          Reflect  .    (no amulet)
rElec   .          Harm     .    c - +5 ring of evasion
rCorr   .          Rampage  .    (no ring)
Will    .....                    (no ring)
Stlth   ++                       (no ring)
HPRegen 0.22/turn                (no ring)
MPRegen 0.08/turn                (no ring)
                                 (no ring)
                                 (no ring)

@: appendages (expiring)
A: tentacle spike 3, almost no armour, amphibious, 8 rings, camouflage 1,
gelatinous body 1, (nimble swimmer 1), tentacles
a: End Transformation


You were on level 1 of the Dungeon.
One of your tentacles had grown a beastly spike.
You visited 1 branch of the dungeon, and saw 1 of its levels.

You collected 9 gold pieces.

Inventory:

Jewellery
 c - a +5 ring of evasion (left tentacle)
Scrolls
 b - a scroll of enchant weapon {unknown}
 d - a scroll of poison {unknown}
Potions
 a - a potion of lignification


   Skills:
 + Level 1.1 Fighting
 - Level 2.0 Dodging
 + Level 0.4 Stealth
 - Level 3.0 Unarmed Combat
 - Level 2.0 Spellcasting
 * Level 2.1 Transmutations
 + Level 0.2 Ice Magic


You had 3 spell levels left.
You knew the following spells:

 Your Spells              Type           Power      Damage    Failure   Level
a - Beastly Appendage     Tmut           14%        N/A       10%         1

Your spell library contained the following spells:

 Spells                   Type           Power      Damage    Failure   Level
 Wereblood                Tmut           7%         N/A       14%         2
 Spider Form              Tmut/Pois      4%         N/A       41%         3
 Ice Form                 Ice/Tmut       5%         N/A       80%         4


Dungeon Overview and Level Annotations

Branches:
Dungeon (1/15)

Altars:


Innate Abilities, Weirdness & Mutations

One of your tentacles has grown a beastly spike.
You cannot wear most types of armour.
You are amphibious.
You can wear up to eight rings at the same time.
Your skin changes colour to match your surroundings (Stealth+).
Your rubbery body absorbs attacks. (AC +1, EV +1)
((You are camouflaged when in or above water. (Stealth+)))
You have tentacles for arms and can constrict up to eight enemies at once.


Message History

A kobold is nearby!
Casting: Beastly Appendage (safe; 10% risk of failure)
Confirm with . or Enter, or press ? or * to list all spells.
You don't know that spell.
An endoplasm and a hobgoblin come into view.
One of your tentacles grows a vicious spike.
The endoplasm quivers.
The hobgoblin shouts!
You hear an angry hiss. x4
A bat comes into view.
A jackal comes into view.
The bat moves out of view.
A bat comes into view.
A quokka comes into view.
A jackal comes into view.
Found a stone staircase leading down.
You closely miss the kobold.
The jackal barks!
Your grab misses the kobold.
You pierce the kobold.
The kobold is severely wounded.
The kobold misses you.
A frilled lizard comes into view.
The endoplasm hits you but does no damage.
The kobold hits you with a +0 dagger. The kobold closely misses you.
You barely miss the endoplasm. The endoplasm closely misses you.
You tentacle-slap the endoplasm.
Your tentacle spike misses the endoplasm.
The endoplasm is lightly wounded.
The endoplasm freezes you.
You are frozen.
You tentacle-slap the endoplasm.
The endoplasm is heavily wounded.
Your transformation is almost over.
The jackal stops to sniff the ground.
The endoplasm hits you.
You are too injured to fight recklessly!
You tentacle-slap the endoplasm but do no damage.
You pierce the endoplasm, but do no damage.
The endoplasm is heavily wounded.
The endoplasm freezes you.
You are frozen.
You die...

###......#[.....#..[..#..
....###.##......#..<..#
.#### #.###.....#.....#
..#####...#.....8.....8..
#....####......######.##...
................#... .# ..
####................ .. .
#######....h####.#.##
#..#.lrJ@.......
#.##..K######... ... ##..#
.### #.h. # #..#. .....l
........ .>..b....


You could see an endoplasm, a quokka, a jackal, a kobold and a frilled lizard.

Vanquished Creatures
  An endoplasm (D:1)
  A quokka (D:1)
  A bat (D:1)
3 creatures vanquished.

Notes
Turn   | Place    | Note
-------+----------+-------------------------------------------
     0 | D:1      | Octodad the Octopode Transmuter began the quest for the
                  | Orb.
     0 | D:1      | Reached XP level 1. HP: 13/13 MP: 3/3
   110 | D:1      | Frozen to death by an endoplasm

Illustrated notes

Levels and vault maps discovered:
D:1:      scummos_arrival_simple_crosswalls, layout_rooms, minmay_lizard_pond

Action                     || total
---------------------------++-------
  Melee: Unarmed           ||     8
         Kick              ||     3
         Tentacles         ||     2
         Constrict         ||     1
   Cast: Beastly Appendage ||     4
   Stab: Sleeping          ||     1
 Armour: Skin              ||     1
  Dodge: Dodged            ||     5

Table legend: (Time is in decaauts)
 A = Elapsed time spent in this place.
 B = Non-inter-level travel time spent in this place.
 C = Inter-level travel time spent in this place.
 D = Time resting spent in this place.
 E = Time spent auto-exploring this place.
 F = Levels seen in this place.
 G = Mean time per level.
                   A        B        C        D        E       F      G
               +--------+--------+--------+--------+--------+-----+--------+
         Total |    109 |    109 |      0 |      0 |     69 |   1 |  109.0 |
       Dungeon |    109 |    109 |      0 |      0 |     69 |   1 |  109.0 |
               +--------+--------+--------+--------+--------+-----+--------+

Top non-repeatable levels by time:
     D:1: 109 daAuts
